 Dungeon Crawl Stone Soup version 0.26-a0-597-gb535b0901c (webtiles) character file.

Game seed: 13208406388309099939

5526 kae the Agent of Entropy (level 10, -19/82 HPs)
             Began as a Demonspawn Abyssal Knight on Aug 27, 2020.
             Was a Priest of Lugonu.
             Demolished by Snorg (25 damage)
             ... on level 10 of the Dungeon.
             The game lasted 00:11:29 (15223 turns).

kae the Agent of Entropy (DsAK)                    Turns: 15223, Time: 00:11:30

Health: -19/82     AC:  8    Str: 17    XL:     10   Next: 43%
Magic:  13/17      EV: 11    Int: 19    God:    Lugonu [***...]
Gold:   435        SH:  0    Dex: 12    Spells: 9/9 levels left

rFire    . . .     SeeInvis .   a - +3 mace
rCold    . . .     Faith    .   (no shield)
rNeg     . . .     Spirit   .   b - +1 leather armour
rPois    +         Reflect  .   (no helmet)
rElec    .         Harm     .   (no cloak)
rCorr    .                      (no gloves)
MR       .....                  (no boots)
Stlth    +.........             (no amulet)
HPRegen  0.23/turn              h - ring of flight
MPRegen  0.15/turn              f - +6 ring of intelligence

@: lightly drained
A: slimy green scales 3, demonic guardian 1, spiny 1
a: Depart the Abyss, Bend Space, Banish, Renounce Religion, Evoke Flight


You were on level 10 of the Dungeon.
You worshipped Lugonu.
Lugonu was most pleased with you.
You visited 2 branches of the dungeon, and saw 11 of its levels.
You visited the Abyss 1 time.

You collected 435 gold pieces.

Inventory:

Hand Weapons
 a - a +3 mace (weapon)
Armour
 b - a +1 leather armour (worn)
Jewellery
 f - a +6 ring of intelligence (right hand)
 h - a ring of flight (left hand)
 o - a +4 ring of protection
Wands
 v - a wand of flame (8)
Scrolls
 e - 7 scrolls of remove curse
 g - a scroll of blinking
 i - 4 scrolls of fog
 l - 3 scrolls of enchant weapon
 m - 7 scrolls of teleportation
 p - 2 scrolls of identify
 w - 2 scrolls of amnesia
Potions
 d - 2 potions of mutation
 j - a potion of magic
 k - 10 potions of curing
 n - 2 potions of stabbing
 q - a potion of flight
 r - a potion of lignification
 s - 4 potions of invisibility
 t - a potion of brilliance


   Skills:
 + Level 8.4(7.8) Fighting
 * Level 10.3(9.7) Maces & Flails
 - Level 1.7(1.3) Armour
 - Level 0.8(0.4) Dodging
 + Level 10.4(9.8) Invocations


You had 9 spell levels left.
You didn't know any spells.
Your spell library contained the following spells:

 Spells                   Type           Power        Failure   Level
 Shock                    Conj/Air       #...         24%         1
 Summon Small Mammal      Summ           #...         24%         1
 Call Imp                 Summ           #.......     36%         2
 Swiftness                Air            #.......     36%         2
 Call Canine Familiar     Summ           #.......     58%         3
 Static Discharge         Conj/Air       #.......     58%         3
 Summon Guardian Golem    Hex/Summ       #.......     58%         3
 Airstrike                Air            #.........   94%         4
 Summon Ice Beast         Ice/Summ       #.......     94%         4
 Summon Lightning Spire   Summ/Air       #.......     94%         4
 Lightning Bolt           Conj/Air       #.........   100%        5


Dungeon Overview and Level Annotations

Branches:
Dungeon (10/15)            Temple (1/1) D:4            Lair (0/6) D:8
    Orc (0/2) D:9

Altars:
Ashenzari
Cheibriados
Dithmenos
Elyvilon
Fedhas
Gozag
Hepliaklqana
Kikubaaqudgha
Makhleb
Nemelex Xobeh
Okawaru
Qazlal
Ru
Sif Muna
Trog
Uskayaw
Vehumet
Wu Jian
Xom
Yredelemnul
Zin
The Shining One

Shops:
D:5 }   D:6 *   D:7 }

Annotations:
D:3 3 runed translucent doors, Lanoc's ghost, amateur TrDe
D:10 Snorg


Innate Abilities, Weirdness & Mutations

You are completely covered in slimy green scales. (AC +4, rPois)
A weak demonic guardian rushes to your aid.
You are partially covered in sharp spines.


Message History

Snorg is lightly wounded.
Snorg closely misses you. Snorg claws you but does no damage. Snorg claws you!
You sock Snorg!
Snorg is lightly wounded.
Snorg is struck by your spines. Snorg closely misses you.
Snorg completely misses you. Snorg claws you!
You thump Snorg!
Snorg is lightly wounded.
Snorg is struck by your spines. Snorg bites you. Snorg claws you!
Snorg claws you!!
* * * LOW HITPOINT WARNING * * *
Snorg is struck by your spines. Snorg bites you.
* * * LOW HITPOINT WARNING * * *
Snorg misses you. Snorg claws you!
* * * LOW HITPOINT WARNING * * *
Press: ? - help, Shift-Dir - straight line, f - Snorg
Aim: Snorg (moderately wounded, berserk, chance to defeat MR: 57%) Snorg resists with significant effort.
Snorg is struck by your spines. Snorg bites you!!
You die...

#########################
#........................
#...#......##..#..#..#..#
#...#..##..##..#..#..#...
#......T@5...............
#...######'#####....#####
#...#..........#....#
#...#..........#.#..#
#...#..........#....#
#...############..(.#
#........... ######
#.#......... #.#.........


You could see Snorg (berserk) and a friendly iron imp (summoned).

Vanquished Creatures
  Josephine (D:10)
  Prince Ribbit (D:9)
  A hippogriff (D:8)
  Sigmund (D:2)
  3 wraiths
  3 yaks (D:7)
  Eustachio (D:4)
  A steam dragon (D:7)
  Edmund (D:5)
  6 sky beasts
  2 ogres
  2 ice beasts
  An eye of draining (D:10)
  2 orc warriors (D:8)
  A centaur (D:8)
  A big kobold (D:10)
  Blork the orc (D:4)
  A bullfrog (D:5)
  4 scorpions
  A howler monkey (D:8)
  2 bullfrog zombies
  6 hounds
  A centaur skeleton (D:8)
  4 orc wizards
  A bullfrog skeleton (D:8)
  2 iguanas
  7 worker ants
  A hound skeleton (D:10)
  A worker ant zombie (D:6)
  4 gnolls (D:9)
  7 adders
  2 shadow imps
  2 white imps
  3 oozes
  An ufetubus (D:5)
  2 adder skeletons
  4 worms
  A dart slug (D:2)
  4 leopard geckos
  16 orcs
  9 bats
  6 giant cockroaches
  10 goblins
  5 hobgoblins
  13 jackals
  2 quokkas
  7 frilled lizards
  13 kobolds
  A quokka skeleton (D:7)
  7 rats
179 creatures vanquished.

Vanquished Creatures (collateral kills)
  A hippogriff (D:7)
  Menkaure (D:5)
  An ice beast (D:8)
  2 ogres
  A centaur (D:6)
  2 orcs (D:9)
8 creatures vanquished.

Vanquished Creatures (others)
  5 dream sheep (D:8)
5 creatures vanquished.

Grand Total: 192 creatures vanquished

Notes
Turn   | Place    | Note
-------+----------+-------------------------------------------
     0 | Abyss:1  | kae the Demonspawn Abyssal Knight began the quest for the
                  | Orb.
     0 | Abyss:1  | Reached XP level 1. HP: 18/18 MP: 2/2
   130 | Abyss:1  | Found a corrupted altar of Lugonu.
   164 | Abyss:1  | Noticed a small abomination
   165 | D:1      | Escaped the Abyss
   451 | D:1      | Gained mutation: You are partially covered in slimy green
                  | scales. (AC +2) [demonic ancestry]
   451 | D:1      | Reached XP level 2. HP: 21/24 MP: 4/4
   516 | D:1      | Reached * piety under Lugonu
  1099 | D:2      | Gained mutation: You are mostly covered in slimy green
                  | scales. (AC +3) [demonic ancestry]
  1099 | D:2      | Reached XP level 3. HP: 24/29 MP: 5/5
  1771 | D:2      | Noticed Sigmund
  1787 | D:2      | Killed Sigmund
  1787 | D:2      | Reached XP level 4. HP: 37/37 MP: 5/7
  1787 | D:2      | Gained mutation: You are partially covered in sharp spines.
                  | [demonic ancestry]
  1787 | D:2      | Reached XP level 5. HP: 42/42 MP: 5/8
  2123 | D:3      | Found a runed translucent gate.
  2123 | D:3      | Found a runed translucent gate.
  2123 | D:3      | Identified the +8 whip "Giantslayer" {venom, SInv}
  2123 | D:3      | Noticed Lanoc's ghost (amateur TrDe)
  2124 | D:3      | Found a runed translucent gate.
  2259 | D:3      | Found an ancient bone altar of Kikubaaqudgha.
  2261 | D:3      | Found a blossoming altar of Fedhas.
  2540 | D:3      | Reached XP level 6. HP: 45/48 MP: 9/9
  3307 | D:4      | Reached skill level 5 in Invocations
  3309 | D:4      | Reached ** piety under Lugonu
  4043 | D:4      | Noticed Eustachio
  4149 | D:4      | Killed Eustachio
  4149 | D:4      | Reached skill level 5 in Maces & Flails
  4149 | D:4      | Reached XP level 7. HP: 47/55 MP: 9/11
  4252 | D:4      | Noticed Blork the orc
  4611 | D:4      | Killed Blork the orc
  4619 | D:4      | Found a shimmering blue altar of Sif Muna.
  4655 | D:4      | Found a staircase to the Ecumenical Temple.
  4839 | Temple   | Entered the Ecumenical Temple
  5093 | D:5      | Entered Level 5 of the Dungeon
  5094 | D:5      | Noticed Menkaure
  5106 | D:4      | Reached skill level 5 in Fighting
  5708 | D:5      | You fall into a shaft and drop 2 floors!
  5720 | D:7      | Noticed a steam dragon
  5964 | D:6      | Gained mutation: A weak demonic guardian rushes to your
                  | aid. [demonic ancestry]
  5964 | D:6      | Reached XP level 8. HP: 46/63 MP: 12/12
  6181 | D:6      | Found a radiant altar of Vehumet.
  6922 | D:6      | Found Zin's Purification Station.
  6927 | D:6      | Found a glowing silver altar of Zin.
  7336 | D:5      | Found Vatryval's Gadget Shoppe.
  7358 | D:5      | Killed Menkaure
  7359 | D:5      | Noticed Edmund
  7524 | D:5      | Killed Edmund
  8219 | D:7      | Found a white marble altar of Elyvilon.
  8220 | D:7      | Found a snail-covered altar of Cheibriados.
  8308 | D:7      | Noticed a hippogriff
  8315 | D:7      | Killed a hippogriff
  8470 | D:7      | Found an opulent altar of Gozag.
  8630 | D:7      | Found Cytosh's Gadget Shoppe.
  8671 | D:7      | Gained mutation: You are completely covered in slimy green
                  | scales. (AC +4, rPois) [demonic ancestry]
  8671 | D:7      | Reached XP level 9. HP: 59/71 MP: 13/15
  8775 | D:8      | Noticed a death yak
  8779 | D:8      | Noticed a death yak
  8781 | D:8      | Noticed a death yak
  9053 | D:8      | Found a staircase to the Lair.
 10291 | D:8      | Found a sparkling altar of Nemelex Xobeh.
 10705 | D:8      | Found a shimmering altar of Xom.
 11734 | D:9      | Noticed Prince Ribbit
 11744 | D:9      | Killed Prince Ribbit
 12498 | D:9      | Found a staircase to the Orcish Mines.
 12673 | D:9      | Reached XP level 10. HP: 64/80 MP: 17/17
 12765 | D:9      | Found a hazy altar of Hepliaklqana.
 13034 | D:10     | Entered Level 10 of the Dungeon
 13034 | D:10     | Noticed Snorg
 13046 | D:10     | Reached *** piety under Lugonu
 13657 | D:10     | Noticed Josephine
 14000 | D:9      | Reached skill level 10 in Invocations
 14231 | D:10     | Reached skill level 10 in Maces & Flails
 14980 | D:10     | Killed Josephine
 15223 | D:10     | Demolished by Snorg

Illustrated notes

Levels and vault maps discovered:
D:1:      scummos_arrival_checkerplants, layout_basic
D:2:      layout_basic, uniq_sigmund
D:3:      layout_loops_corners, grunt_temple_overflow_growth_and_decay,
          gammafunk_ghost_nasty_kobolds
D:4:      layout_loops_ring, tgw_sif, minmay_temple_entry_fiery, uniq_eustachio
D:5:      layout_basic, serial_shops, nicolae_shop_waterfront, uniq_edmund,
          uniq_menkaure
D:6:      layout_layer_cave, fiery_altar_vehumet, zin_purify
D:7:      layout_loops_ring, chequers_temple_overflow_statue_of_worship,
          lemuel_doored_altar, serial_shops, nicolae_shop_statue_plus,
          moated_statue
D:8:      layout_layer_cave, nemelex_xobeh_ov_fountains_minmay,
          kb_xom_exploding_sheep, dpeg_lair_monsters
D:9:      layout_loops_ring, nicolae_overflow_hidden_temple, orc_0_dummy,
          serial_glass, glass_columns_b, glass_columns_b, glass_columns_a,
          uniq_prince_ribbit1
D:10:     layout_stronghold, enter_trove_6, kennysheep_dice, uniq_josephine,
          uniq_snorg
Temple:   bh_familiar_temple

Skill      XL: |  1  2  3  4  5  6  7  8  9 10 |
---------------+-------------------------------+-----
Maces & Flails | 2 4 5 6 7 9 10 | 10.3
Invocations    | 3 4 5 6 8 9 10 | 10.4
Fighting       | 4 5 6 7 8 |  8.4
Armour         | |  1.7
Dodging        | |  0.8

Action                   |  1- 3 |  4- 6 |  7- 9 | 10-12 || total
-------------------------+-------+-------+-------+-------++-------
Melee: Mace              |   109 |    91 |   286 |   116 ||   602
Invok: Depart the Abyss  |     1 |       |       |       ||     1
       Bend Space        |       |       |       |     1 ||     1
       Banish            |       |       |       |     1 ||     1
Evoke: Wand              |       |       |    20 |     1 ||    21
  Use: Scroll            |     7 |     8 |     8 |     3 ||    26
       Potion            |     2 |     1 |     1 |       ||     4
 Stab: Sleeping          |       |     3 |       |       ||     3
       Distracted        |       |       |     1 |     3 ||     4
Armor: Leather armour    |    38 |    27 |    74 |    28 ||   167
       Skin              |     4 |       |       |       ||     4
Dodge: Dodged            |    76 |    50 |   143 |    49 ||   318

Table legend: (Time is in decaauts)
 A = Elapsed time spent in this place.
 B = Non-inter-level travel time spent in this place.
 C = Inter-level travel time spent in this place.
 D = Time resting spent in this place.
 E = Time spent auto-exploring this place.
 F = Levels seen in this place.
 G = Mean time per level.
                   A        B        C        D        E       F      G
               +--------+--------+--------+--------+--------+-----+--------+
         Total |  15350 |  14648 |    702 |   5290 |   7412 |  12 | 1279.2 |
       Dungeon |  15014 |  14326 |    688 |   5290 |   7093 |  10 | 1501.4 |
        Temple |    170 |    157 |     13 |      0 |    157 |   1 |  170.0 |
         Abyss |    165 |    165 |      0 |      0 |    162 |   1 |  165.0 |
               +--------+--------+--------+--------+--------+-----+--------+

Top non-repeatable levels by time:
     D:4: 2432 daAuts
     D:9: 2421 daAuts
     D:8: 2342 daAuts
     D:7: 1626 daAuts
     D:6: 1322 daAuts
    D:10: 1149 daAuts
     D:3: 1105 daAuts
     D:2: 964 daAuts
     D:1: 931 daAuts
     D:5: 717 daAuts
  Temple: 170 daAuts
 Abyss:1: 165 daAuts
